 Dungeon Crawl Stone Soup version 0.18-a0-1273-g8ec5f8e (webtiles) character file.

62 namelastname112 the Shooter (level 3, -5/31 HPs)
             Began as a Draconian Hunter on Feb 7, 2016.
             Slain by Grinder (6 damage)
             ... while paralysed by Grinder
             ... on level 3 of the Dungeon.
             The game lasted 00:02:56 (1915 turns).

namelastname112 the Shooter (Draconian Hunter)      Turns: 1915, Time: 00:02:56

Health: -5/31      AC:  5    Str: 14    XL:     3   Next: 85%
Magic:  3/3        EV:  2    Int: 11    God:
Gold:   114        SH:  0    Dex: 17    Spells: 0 memorised, 2 levels left

rFire  . . .     SeeInvis .     p - +0 longbow
rCold  . . .     Gourm    .     (armour unavailable)
rNeg   . . .     Faith    .     (shield currently unavailable)
rPois  .         Spirit   .     (helmet restricted)
rElec  .         Dismiss  .     (no cloak)
rCorr  .         Reflect  .     (no gloves)
SustAt .         Harm     .     (no boots)
MR     .....                    (no amulet)
Stlth  +++.......               (no ring)
                                (no ring)

@: paralysed, agile, very slightly contaminated, hasted, not resistant to
hostile enchantments, fairly stealthy
A: unfitting armour, cold-blooded, AC +5
a: no special abilities


You were on level 3 of the Dungeon.
You were not hungry.

You visited 1 branch of the dungeon, and saw 3 of its levels.

You collected 114 gold pieces.

Inventory:

Hand Weapons
 i - a +2 dagger of venom
 o - a +1 shortbow
 p - a +0 longbow (weapon)
 r - a +0 quarterstaff
Missiles
 c - 12 arrows (quivered)
 f - 7 arrows of dispersal
Scrolls
 b - a scroll of remove curse {unknown}
 g - a scroll of teleportation {unknown}
 h - a scroll of blinking {unknown}
 l - 3 scrolls of identify {unknown}
 m - a scroll of immolation {unknown}
 s - a scroll of recharging {unknown}
Potions
 a - a potion of agility
 j - a potion of curing {unknown}
 n - a potion of lignification {unknown}
Comestibles
 d - 5 bread rations
 k - a slice of pizza


   Skills:
 + Level 3.0 Fighting
 + Level 0.0 Staves
 * Level 4.2 Bows
 + Level 2.6 Dodging
 - Level 0.8 Stealth


You had 2 spell levels left.
You didn't know any spells.

Dungeon Overview and Level Annotations

Branches:
Dungeon (3/15)

Altars:
Dithmenos
Ru
Trog

Annotations:
D:3 Grinder


Innate Abilities, Weirdness & Mutations

Your plain brown scales are hard (AC +5).
Your body does not fit into most forms of armour.
You are cold-blooded and may be slowed by cold attacks.


Message History

You shoot an arrow. The arrow hits Grinder.
Grinder is moderately wounded.
Grinder gestures at you. Pain shoots through your body!
Firing (i - inventory. (,) - cycle):
c - 13 arrows (quivered)
Press: ? - help, Shift-Dir - straight line, f/p - Grinder
Aim: Grinder (moderately wounded)
You shoot an arrow. The arrow hits Grinder.
Grinder is moderately wounded.
Grinder gestures at you.
You suddenly lose the ability to move!
Grinder gestures at you. Pain shoots through your body!
* * * LOW HITPOINT WARNING * * *
Grinder gestures.
Grinder blinks!
Grinder hits you.
* * * LOW HITPOINT WARNING * * *
You writhe in agony.
You die...

# ##.....#####..
#.####...........[.#
......#.....#####.#
#.##.....#........#
#.#.#...###.<..####
#......## ##.#.#
###.#...###.##.#
##.....#.###.########.
##.....## #(ยง@5..(...
####.## #.########.
#.. ...# ####.#### #


You could see Grinder.

Vanquished Creatures
  An adder (D:2)
  A worm (D:2)
  2 giant geckos
  2 giant cockroaches
  11 hobgoblins
  9 kobolds
  2 quokkas (D:2)
  6 bats
  4 giant newts
  4 goblins
  5 rats
47 creatures vanquished.

Vanquished Creatures (others)
  A hobgoblin (D:1)
1 creature vanquished.

Grand Total: 48 creatures vanquished

Notes
Turn   | Place    | Note
--------------------------------------------------------------
     0 | D:1      | namelastname112 the Draconian Hunter began the quest for the Orb.
     0 | D:1      | Reached XP level 1. HP: 17/17 MP: 1/1
   145 | D:1      | Reached XP level 2. HP: 13/25 MP: 2/2
   586 | D:1      | Reached skill level 4 in Bows
  1022 | D:1      | Reached XP level 3. HP: 30/30 MP: 3/3
  1195 | D:2      | Found a bloodstained altar of Trog.
  1277 | D:2      | Found a sacrificial altar of Ru.
  1500 | D:2      | Found a shadowy altar of Dithmenos.
  1895 | D:3      | Noticed Grinder
  1912 | D:3      | Paralysed by Grinder for 6 turns
  1915 | D:3      | HP: 1/31 [Grinder (2)]
  1915 | D:3      | Slain by Grinder

Vault maps used:
D:1:      elethiomel_arrival_quiet, minmay_parallelograms, nrook_mini_backslash,
          lemuel_flame_loot_1
D:2:      grunt_dithmenos_smoke, old_standard_altar, first_bread,
          minmay_misc_feat_nine_boxes, serial_bayou_pond_b,
          minmay_misc_feat_columns, minmay_misc_feat_enclosed,
          hangedman_ru_absence
D:3:      uniq_natasha, uniq_robin, uniq_grinder

Action                   || total
-------------------------++-------
Melee: Short sword       ||    61
       Dagger            ||    66
 Fire: Longbow           ||     8
  Use: Potion            ||     3
 Stab: Sleeping          ||     3
  Eat: Chunk             ||     3
